APL (24 & UNDER)
NANTUCKET ORCAS @ EL PASO TEXANS
04/02/2030
 
TOP OF THE 1ST
Nantucket Orcas batting - Pitching for El Paso Texans : RHP Firmino Orsi
Pitching: RHP Firmino Orsi
Batting: RHB Charlie Pérez 0-0: Called Strike
0-1: Called Strike
0-2: Foul Ball, location: 2F
0-2: Ball
1-2: SINGLE (Groundball, 4MD)
Batting: RHB Demetrio Inrouville 0-0: Ball
Charlie Pérez steals 2nd base
1-0: SINGLE (Groundball, 34D)
Charlie Pérez to third
Runner from 3rd tries for Home, throw and OUT!
Batting: LHB Eugene Lee 0-0: Ball
1-0: Foul Ball, location: 2F
1-1: Ball
2-1: Ball
3-1: SINGLE (Line Drive, 9LS)
Demetrio Inrouville to second
Runner from 2nd tries for 3rd, SAFE, no throw
Batting: RHB Fernando Álvarez 0-0: Called Strike
Eugene Lee steals 2nd base
0-1: Swinging Strike
0-2: Ball
1-2: Ball
2-2: SINGLE (Line Drive, 6MD)
Demetrio Inrouville scores
Eugene Lee to third
Batting: RHB Matt Dundee 0-0: Called Strike
0-1: Ball
1-1: Fly out, F9 (Line Drive, 9D)
Runner from 3rd tags up, SCORES, throw made
Batting: LHB Alfonso Vélez 0-0: Foul Ball, location: 2F
0-1: Called Strike
0-2: Foul Ball, location: 2F
0-2: DOUBLE (Groundball, 5L)
Fernando Álvarez to third
Runner from 3rd tries for Home, SAFE, no throw
Batting: RHB Paul Bell 0-0: DOUBLE (Line Drive, 89D)
Alfonso Vélez scores
Batting: RHB Curt O'Brian 0-0: Called Strike
0-1: Ball
1-1: Reached on error, E5 (Groundball, 5)
Paul Bell to third
Batting: RHB Luis Cruz 0-0: Ball
1-0: Called Strike
1-1: Foul Ball, location: 2F
1-2: Fly out, F9 (Flyball, 89S)
Top of the 1st over - 4 runs, 6 hits, 1 error, 2 left on base; Nantucket 4 - El Paso 0
BOTTOM OF THE 1ST
El Paso Texans batting - Pitching for Nantucket Orcas : RHP José Trinidad
Pitching: RHP José Trinidad
Batting: LHB Mark Spencer 0-0: Ball
1-0: Ground out 6-3 (Groundball, 6)
Batting: RHB Cole Boehmer 0-0: Ball
1-0: Ball
2-0: Called Strike
2-1: Ball
3-1: Fly out, F6 (Popup, 4M)
Batting: SHB Richie Gallegos 0-0: Foul Ball, location: 2F
0-1: Ball
1-1: Fly out, F3 (Line Drive, 3)
Bottom of the 1st over - 0 runs, 0 hits, 0 errors, 0 left on base; Nantucket 4 - El Paso 0
TOP OF THE 2ND
Nantucket Orcas batting - Pitching for El Paso Texans : RHP Firmino Orsi
Batting: RHB Charlie Pérez 0-0: Called Strike
0-1: SINGLE (Groundball, 34) (infield hit)
Batting: RHB Demetrio Inrouville 0-0: Called Strike
0-1: Fly out, F8 (Flyball, 8RD)
Batting: LHB Eugene Lee 0-0: Ball
1-0: DOUBLE (Line Drive, 89D)
Charlie Pérez to third
Batting: RHB Fernando Álvarez 0-0: Called Strike
0-1: Swinging Strike
0-2: Strikes out looking
Batting: RHB Matt Dundee 0-0: Ball
1-0: Ball
2-0: Ball
3-0: Called Strike
3-1: Ground out 5-3 (Groundball, 56)
Top of the 2nd over - 0 runs, 2 hits, 0 errors, 2 left on base; Nantucket 4 - El Paso 0
BOTTOM OF THE 2ND
El Paso Texans batting - Pitching for Nantucket Orcas : RHP José Trinidad
Batting: RHB Domingo Morales 0-0: Ball
1-0: Ball
2-0: Ball
3-0: Base on Balls
Batting: SHB António Cervantes 0-0: Ball
1-0: Called Strike
1-1: Foul Ball, location: 2F
1-2: Foul Ball, location: 2F
1-2: Ball
2-2: Foul Ball, location: 2F
2-2: DOUBLE (Line Drive, 89XD)
Domingo Morales to third
Batting: SHB Oliver Riley 0-0: Called Strike
0-1: Foul Ball, location: 2F
0-2: Strikes out swinging
Batting: LHB John Fitzgerald 0-0: Called Strike
0-1: Ball
1-1: SINGLE (Line Drive, 9LS)
Domingo Morales scores
António Cervantes to third
Batting: LHB Dave Tucker 0-0: Ball
1-0: Ball
2-0: Called Strike
2-1: Ball
3-1: Base on Balls
John Fitzgerald to second
Batting: SHB Miguel Hurtado 0-0: Swinging Strike
0-1: Swinging Strike
0-2: Foul Ball, location: 2F
0-2: Ball
1-2: Foul Ball, location: 2F
1-2: Strikes out swinging
Batting: LHB Mark Spencer 0-0: Ball
1-0: SINGLE (Line Drive, 6MD)
António Cervantes scores
John Fitzgerald to third
Dave Tucker to second
Batting: RHB Cole Boehmer 0-0: Called Strike
0-1: Swinging Strike
0-2: Ball
1-2: Foul Ball, location: 2F
1-2: Foul Ball, location: 2F
1-2: Ground out 5-3 (Groundball, 5S)
Bottom of the 2nd over - 2 runs, 3 hits, 0 errors, 3 left on base; Nantucket 4 - El Paso 2
TOP OF THE 3RD
Nantucket Orcas batting - Pitching for El Paso Texans : RHP Firmino Orsi
Batting: LHB Alfonso Vélez 0-0: SINGLE (Groundball, 34S) (infield hit)
Batting: RHB Paul Bell 0-0: Called Strike
0-1: Grounds into double play, 6-4-3 (Groundball, 6)
Batting: RHB Curt O'Brian 0-0: Ball
1-0: Fly out, F5 (Popup, 5SF)
Top of the 3rd over - 0 runs, 1 hit, 0 errors, 0 left on base; Nantucket 4 - El Paso 2
BOTTOM OF THE 3RD
El Paso Texans batting - Pitching for Nantucket Orcas : RHP José Trinidad
Batting: SHB Richie Gallegos 0-0: SINGLE (Flyball, 9S)
Batting: RHB Domingo Morales 0-0: Ball
1-0: Called Strike
1-1: Called Strike
1-2: Foul Ball, location: 2F
1-2: Foul Ball, location: 2F
1-2: Ball
2-2: Ball
3-2: Grounds into double play, 4-6-3 (Groundball, 34)
Batting: SHB António Cervantes 0-0: Ball
1-0: Ball
2-0: Ball
3-0: Base on Balls
Batting: SHB Oliver Riley 0-0: Called Strike
0-1: Fly out, F9 (Flyball, 89D)
Bottom of the 3rd over - 0 runs, 1 hit, 0 errors, 1 left on base; Nantucket 4 - El Paso 2
TOP OF THE 4TH
Nantucket Orcas batting - Pitching for El Paso Texans : RHP Firmino Orsi
Batting: RHB Luis Cruz 0-0: Foul Ball, location: 2F
0-1: Ground out 6-3 (Groundball, 6)
Batting: RHB Charlie Pérez 0-0: Ball
1-0: Called Strike
1-1: Ball
2-1: Ball
3-1: Base on Balls
Batting: RHB Demetrio Inrouville 0-0: Ball
Wild Pitch!
Charlie Pérez to second
1-0: Ball
2-0: Foul Ball, location: 2F
2-1: Fly out, F5 (Line Drive, 5S)
Batting: LHB Eugene Lee 0-0: Ball
1-0: Called Strike
1-1: Ground out 3-1 (Groundball, 34S)
Top of the 4th over - 0 runs, 0 hits, 0 errors, 1 left on base; Nantucket 4 - El Paso 2
BOTTOM OF THE 4TH
El Paso Texans batting - Pitching for Nantucket Orcas : RHP José Trinidad
Batting: LHB John Fitzgerald 0-0: Ball
1-0: Ball
2-0: Ball
3-0: Base on Balls
Batting: LHB Dave Tucker 0-0: Foul Ball, location: 2F
0-1: Called Strike
0-2: Strikes out swinging
Batting: SHB Miguel Hurtado 0-0: Called Strike
0-1: Ball
1-1: Swinging Strike
1-2: Ball
2-2: Strikes out swinging
Batting: LHB Mark Spencer 0-0: Ball
1-0: Foul Ball, location: 2F
1-1: Foul Ball, location: 2F
1-2: Ball
2-2: Fly out, F9 (Flyball, 9)
Bottom of the 4th over - 0 runs, 0 hits, 0 errors, 1 left on base; Nantucket 4 - El Paso 2
TOP OF THE 5TH
Nantucket Orcas batting - Pitching for El Paso Texans : RHP Firmino Orsi
Batting: RHB Fernando Álvarez 0-0: Ball
1-0: Ball
2-0: Called Strike
2-1: Ground out 4-3 (Groundball, 34D)
Batting: RHB Matt Dundee 0-0: Called Strike
0-1: Foul Ball, location: 2F
0-2: Ball
1-2: Ball
2-2: Ball
3-2: Fly out, F8 (Flyball, 89M)
Batting: LHB Alfonso Vélez 0-0: Ball
1-0: Fly out, F8 (Flyball, 8LS)
Top of the 5th over - 0 runs, 0 hits, 0 errors, 0 left on base; Nantucket 4 - El Paso 2
BOTTOM OF THE 5TH
El Paso Texans batting - Pitching for Nantucket Orcas : RHP José Trinidad
Batting: RHB Cole Boehmer 0-0: Fly out, F8 (Flyball, 8LS)
Batting: SHB Richie Gallegos 0-0: Ball
1-0: SOLO HOME RUN (Flyball, 9D), Distance : 398 ft
Batting: RHB Domingo Morales 0-0: Ball
1-0: Ball
2-0: Ball
3-0: Called Strike
3-1: Swinging Strike
3-2: Base on Balls
Batting: SHB António Cervantes 0-0: Ball
1-0: Ball
2-0: Ball
3-0: Called Strike
3-1: Base on Balls
Domingo Morales to second
Batting: SHB Oliver Riley 0-0: Ball
1-0: Called Strike
1-1: Ball
2-1: Foul Ball, location: 2F
2-2: Foul Ball, location: 2F
2-2: Foul Ball, location: 2F
2-2: Ball
3-2: Foul Ball, location: 2F
3-2: Fielders Choice at 2nd, 5-4 (Groundball, 56)
Domingo Morales to third
Batting: LHB John Fitzgerald 0-0: Called Strike
0-1: Swinging Strike
0-2: Foul Ball, location: 2F
0-2: Ground out 3-1 (Groundball, 34S)
Bottom of the 5th over - 1 run, 1 hit, 0 errors, 2 left on base; Nantucket 4 - El Paso 3
TOP OF THE 6TH
Nantucket Orcas batting - Pitching for El Paso Texans : RHP Firmino Orsi
Batting: RHB Paul Bell 0-0: Ball
1-0: Called Strike
1-1: Ground out 5-3 (Groundball, 56)
Batting: RHB Curt O'Brian 0-0: Called Strike
0-1: Ball
1-1: Foul Ball, location: 2F
1-2: Fly out, F3 (Flyball, 3D)
Batting: RHB Luis Cruz 0-0: Called Strike
0-1: Foul Ball, location: 2F
0-2: Strikes out swinging
Top of the 6th over - 0 runs, 0 hits, 0 errors, 0 left on base; Nantucket 4 - El Paso 3
BOTTOM OF THE 6TH
El Paso Texans batting - Pitching for Nantucket Orcas : RHP José Trinidad
Pitching: LHP Armando Fuentes
Batting: LHB Dave Tucker 0-0: Ball
1-0: Called Strike
1-1: Fly out, F5 (Popup, 5SF)
Batting: SHB Miguel Hurtado 0-0: Ball
1-0: Fly out, F3 (Line Drive, 4)
Batting: LHB Mark Spencer 0-0: Called Strike
0-1: Foul Ball, location: 2F
0-2: Ball
1-2: Ball
2-2: Strikes out swinging
Bottom of the 6th over - 0 runs, 0 hits, 0 errors, 0 left on base; Nantucket 4 - El Paso 3
TOP OF THE 7TH
Nantucket Orcas batting - Pitching for El Paso Texans : RHP Firmino Orsi
Batting: RHB Charlie Pérez 0-0: Ground out 5-3 (Groundball, 56S)
Batting: RHB Demetrio Inrouville 0-0: Fly out, F8 (Flyball, 8LD)
Batting: LHB Eugene Lee 0-0: Ball
1-0: Ball
2-0: Ball
3-0: Base on Balls
Pinch Hitting: LHB Dennis King 0-0: Called Strike
0-1: Ball
1-1: Foul Ball, location: 2F
1-2: Ground out 4-3 (Groundball, 34D)
Top of the 7th over - 0 runs, 0 hits, 0 errors, 1 left on base; Nantucket 4 - El Paso 3
BOTTOM OF THE 7TH
El Paso Texans batting - Pitching for Nantucket Orcas : LHP Armando Fuentes
Now at SS: Armando Hernández
Batting: RHB Cole Boehmer 0-0: Ball
1-0: Called Strike
1-1: Ball
2-1: Ball
3-1: Fly out, F7 (Flyball, 7S)
Batting: SHB Richie Gallegos 0-0: Ball
1-0: Foul Ball, location: 2F
1-1: Ball
2-1: SINGLE (Line Drive, 4MD)
Batting: RHB Domingo Morales 0-0: Ball
1-0: Foul Ball, location: 2F
1-1: Called Strike
1-2: Ball
2-2: Strikes out swinging
Pinch Hitting: RHB Jim MacAchounich 0-0: Foul Ball, location: 2F
0-1: Foul Ball, location: 2F
0-2: DOUBLE (Line Drive, 9LM)
Richie Gallegos to third
Runner from 3rd tries for Home, SAFE, no throw
Batting: SHB Oliver Riley 0-0: Swinging Strike
0-1: Foul Ball, location: 2F
0-2: Foul Ball, location: 2F
0-2: Strikes out swinging
Bottom of the 7th over - 1 run, 2 hits, 0 errors, 1 left on base; Nantucket 4 - El Paso 4
TOP OF THE 8TH
Nantucket Orcas batting - Pitching for El Paso Texans : RHP Firmino Orsi
Pitching: RHP Mike Church
Now in RF: Jim MacAchounich
Batting: RHB Matt Dundee 0-0: Ball
1-0: Ground out U3 (Groundball, 34S)
Batting: LHB Alfonso Vélez 0-0: Ball
1-0: Ground out U3 (Groundball, 3)
Batting: RHB Paul Bell 0-0: Called Strike
0-1: SINGLE (Line Drive, 8LS)
Batting: RHB Curt O'Brian 0-0: Ball
1-0: Ball
2-0: Ball
3-0: Base on Balls
Paul Bell to second
Pinch Hitting: RHB Juan Gómez 0-0: Ball
1-0: Foul Ball, location: 2F
1-1: Ball
2-1: Foul Ball, location: 2F
2-2: SINGLE (Flyball, 8LS)
Paul Bell to third
Curt O'Brian to second
Runner from 3rd tries for Home, SAFE, no throw
Batting: RHB Charlie Pérez 0-0: Swinging Strike
0-1: Foul Ball, location: 2F
0-2: Strikes out swinging
Top of the 8th over - 1 run, 2 hits, 0 errors, 2 left on base; Nantucket 5 - El Paso 4
BOTTOM OF THE 8TH
El Paso Texans batting - Pitching for Nantucket Orcas : LHP Armando Fuentes
Now at 1B: Juan Gómez
Batting: LHB John Fitzgerald 0-0: Ball
1-0: Ball
2-0: Ball
3-0: Called Strike
3-1: Base on Balls
Pinch Runner at 1st Stephen Black:
Batting: LHB Dave Tucker 0-0: Swinging Strike
0-1: Ball
1-1: Called Strike
1-2: Fielders Choice at 2nd, 4-6 (Groundball, 4)
Pitching: RHP Gerard Pérez
Pinch Hitting: LHB Ramón Chávez 0-0: Grounds into double play, 5-4-3 (Groundball, 5)
Bottom of the 8th over - 0 runs, 0 hits, 0 errors, 0 left on base; Nantucket 5 - El Paso 4
TOP OF THE 9TH
Nantucket Orcas batting - Pitching for El Paso Texans : RHP Mike Church
Now at SS: Jim Flynn
Batting: RHB Demetrio Inrouville 0-0: Called Strike
0-1: Swinging Strike
0-2: Ball
1-2: Ground out 6-3 (Groundball, 6)
Batting: LHB Eugene Lee 0-0: Called Strike
0-1: Called Strike
0-2: Ball
1-2: SINGLE (Line Drive, 34)
Pinch Hitting: LHB Steve Blankenship 0-0: Ball
1-0: Ball
2-0: Swinging Strike
2-1: Called Strike
2-2: Ball
Eugene Lee steals 2nd base
3-2: Intentional Walk
Batting: RHB Matt Dundee 0-0: Swinging Strike
0-1: Fielders Choice at 3rd, U5 (Groundball, 5L)
Steve Blankenship to second
Pinch Runner at 2nd Hunter Hudson:
Batting: LHB Alfonso Vélez 0-0: Called Strike
0-1: Ball
1-1: Called Strike
1-2: Strikes out swinging
Top of the 9th over - 0 runs, 1 hit, 0 errors, 2 left on base; Nantucket 5 - El Paso 4
BOTTOM OF THE 9TH
El Paso Texans batting - Pitching for Nantucket Orcas : RHP Gerard Pérez
Now at SS: Ricardo Ontiveros
Batting: LHB Mark Spencer 0-0: Called Strike
0-1: Ball
1-1: Called Strike
1-2: Ball
2-2: Foul Ball, location: 2F
2-2: Ball
3-2: Strikes out swinging
Batting: RHB Cole Boehmer 0-0: Ball
1-0: Ball
2-0: Ball
3-0: Base on Balls
Pinch Runner at 1st Ralph McCullum:
Batting: SHB Richie Gallegos 0-0: Called Strike
0-1: Ball
1-1: Foul Ball, location: 2F
1-2: Ball
2-2: Fielders Choice at 2nd, 1-6 (Groundball, 13)
Pinch Hitting: LHB Cipriano Rangel 0-0: Ball
1-0: Foul Ball, location: 2F
1-1: Called Strike
1-2: Strikes out swinging
Bottom of the 9th over - 0 runs, 0 hits, 0 errors, 1 left on base; Nantucket 5 - El Paso 4
Saturday, April 7th, 2018 - OOTP Baseball 18.8 Build 76